 Dungeon Crawl Stone Soup version 0.28.0-53-g5a82cb258f (webtiles) character file.

Game seed: 1379431832968437739

6255 Condegh the Geomancer (level 10, -2/58 HPs)
             Began as a Gargoyle Earth Elementalist on July 30, 2022.
             Frozen to death by Quickbrownfox's ghost (20 damage)
             ... on level 8 of the Dungeon.
             The game lasted 00:55:35 (11546 turns).

Condegh the Geomancer (GrEE)                       Turns: 11546, Time: 00:55:35

Health: -2/58      AC: 21    Str: 14    XL:     10   Next: 93%
Magic:  0/20       EV: 12    Int: 31    God:
Gold:   438        SH:  4    Dex: 10    Spells: 19/23 levels left

rFire   + . .      SeeInvis .   h - +1 hand axe "Ysulob" {protect, Str+3 Int+4}
rCold   . . .      Faith    .   f - +0 buckler
rNeg    + . .      Spirit   .   t - +2 robe {rF+}
rPois   ∞          Reflect  .   (no helmet)
rElec   +          Harm     .   C - +0 cloak
rCorr   .          Rampage  .   (no gloves)
Will    .....                   H - +0 pair of boots
Stlth   ++........              (no amulet)
HPRegen 0.19/turn               K - +6 ring of intelligence
MPRegen 0.17/turn               (no ring)

@: about to teleport, under a protective aura, studying Dodging
A: sickness immunity, AC +7, negative energy resistance 1, electricity
resistance, torment resistance 1, petrification resistance
a: no special abilities


You were on level 8 of the Dungeon.
You visited 2 branches of the dungeon, and saw 9 of its levels.

You collected 451 gold pieces.
You spent 13 gold pieces at shops.

Inventory:

Hand Weapons
 h - the +1 hand axe "Ysulob" (weapon) {protect, Str+3 Int+4}
   (You found it on level 2 of the Dungeon)

   It grants its wielder temporary protection when it strikes (+7 to AC).
   Str:       It affects your strength (+3).
   Int:       It affects your intelligence (+4).
 u - a +5 flail of freezing
 J - a +4 whip of flaming
Missiles
 c - 212 stones
Armour
 f - a +0 buckler (worn)
 r - a +0 cloak
 t - a +2 robe of fire resistance (worn)
 x - the +3 scale mail of Distant Shores {Dex+4}
   (You found it on level 5 of the Dungeon)

   Dex:       It affects your dexterity (+4).
 C - a +0 cloak (worn)
 H - a +0 pair of boots (worn)
Magical Staves
 z - a staff of cold
Jewellery
 K - a +6 ring of intelligence (left hand)
Wands
 d - a wand of flame (18)
 o - a wand of iceblast (9)
 v - a wand of paralysis (14)
 w - a wand of digging (4)
 E - a wand of charming (11)
Scrolls
 e - a scroll of teleportation
 g - 2 scrolls of noise {unknown}
 i - 2 scrolls of magic mapping {unknown}
 l - 2 scrolls of fear
 n - a scroll of summoning {unknown}
 q - a scroll of immolation {unknown}
 y - a scroll of enchant armour {unknown}
 A - a scroll of blinking {unknown}
 B - a scroll of fog {unknown}
 G - a scroll of brand weapon {unknown}
Potions
 a - 5 potions of curing
 b - 2 potions of brilliance {unknown}
 j - a potion of attraction {unknown}
 k - a potion of resistance
 p - 3 potions of lignification
 s - a potion of flight
 D - a potion of cancellation
 F - 2 potions of haste {unknown}
 I - a potion of might


   Skills:
 + Level 4.5 Fighting
 - Level 0.2(2.3) Axes
 + Level 4.2(4.3) Maces & Flails
 + Level 4.4 Armour
 + Level 4.4 Dodging
 - Level 2.1 Stealth
 - Level 4.0 Shields
 + Level 7.3 Spellcasting
 + Level 7.6 Conjurations
 - Level 0.7 Transmutations
 + Level 8.2 Earth Magic
 + Level 4.2 Evocations


You had 19 spell levels left.
You knew the following spells:

 Your Spells              Type           Power      Damage    Failure   Level
a - Sandblast             Erth           100%       2d20      1%          1
b - Stone Arrow           Conj/Erth      100%       3d13      1%          3

Your spell library contained the following spells:

 Spells                   Type           Power      Damage    Failure   Level
 Passwall                 Tmut/Erth      32%        N/A       1%          2
 Animate Skeleton         Necr           22%        N/A       5%          1
 Apportation              Tloc           22%        N/A       5%          1
 Summon Small Mammal      Summ           44%        N/A       5%          1
 Corpse Rot               Necr/Air       22%        N/A       9%          2
 Poisonous Vapours        Pois/Air       22%        N/A       9%          2
 Petrify                  Tmut/Erth      39%        N/A       9%          4


Dungeon Overview and Level Annotations

Branches:
Dungeon (8/15)             Temple (1/1) D:6
   Lair: D:8-11

Altars:
Ashenzari
Cheibriados
Dithmenos
Elyvilon
Fedhas
Gozag
Hepliaklqana
Kikubaaqudgha
Makhleb
Nemelex Xobeh
Okawaru
Qazlal
Ru
Sif Muna
Trog
Uskayaw
Wu Jian
Xom
Yredelemnul
Zin
The Shining One

Shops:
D:4 !

Annotations:
D:8 Quickbrownfox's ghost, novice DsIE


Innate Abilities, Weirdness & Mutations

You are immune to sickness and miasma.
Your stone body is resilient. (AC +7)
You are immune to poison.
You resist negative energy. (rN+)
You are resistant to electric shocks. (rElec)
You are resistant to unholy torment.
You are immune to petrification.


Message History

Confirm with . or Enter, or press ? or * to list all spells.
Aiming: Stone Arrow (safe; 1% risk of failure)
Press: ? - help, Shift-Dir - straight line, f/p - Quickbrownfox's ghost
Aim: Quickbrownfox's ghost, wielding a weapon of venom (severely damaged, 61% to hit)
The stone arrow misses Quickbrownfox's ghost.
Quickbrownfox's ghost hits you but does no damage.
Casting: Stone Arrow (safe; 1% risk of failure)
Confirm with . or Enter, or press ? or * to list all spells.
Aiming: Stone Arrow (safe; 1% risk of failure)
Press: ? - help, Shift-Dir - straight line, f/p - Quickbrownfox's ghost
Aim: Quickbrownfox's ghost, wielding a weapon of venom (severely damaged, 61% to hit)
The stone arrow misses Quickbrownfox's ghost.
Quickbrownfox's ghost mumbles some strange words.
Quickbrownfox's ghost drains the heat from the surrounding environment!
* * * LOW HITPOINT WARNING * * *
You hit Quickbrownfox's ghost but do no damage.
Your weapon exudes an aura of protection.
Quickbrownfox's ghost is severely damaged.
Quickbrownfox's ghost hits you but does no damage.
You hit Quickbrownfox's ghost but do no damage.
Quickbrownfox's ghost is severely damaged.
Quickbrownfox's ghost hits you but does no damage.
You hit Quickbrownfox's ghost.
Quickbrownfox's ghost is severely damaged.
Quickbrownfox's ghost hits you but does no damage.
As you read the scroll of teleportation, it crumbles to dust.
You feel strangely unstable.
You block Quickbrownfox's ghost's attack.
It was a potion of curing.
You feel better.
Quickbrownfox's ghost barely misses you.
Casting: Stone Arrow (safe; 1% risk of failure)
Confirm with . or Enter, or press ? or * to list all spells.
Aiming: Sandblast (safe; 1% risk of failure)
Press: ? - help, Shift-Dir - straight line, f/p - Quickbrownfox's ghost
Aim: Quickbrownfox's ghost, wielding a weapon of venom (severely damaged, 71% to hit)
The blast of sand hits Quickbrownfox's ghost but does no damage.
Quickbrownfox's ghost is severely damaged.
Quickbrownfox's ghost freezes you.
You are frozen!!
You die...

### ##.# #######
############.## ......#
#.........#.## ......#
#.#.#..#.#.## ......#
#...#[#...##
......############..##.##
..............).@>..#...##
#.............##W......#.##
#.###########.#.#.#######.##
### ♣♣♣ #..##.# ##.#
♣♣..#####.###.# ###
♣.[##.i.......#
♣♣..#8..######## ♣...#...#
♣/♣.'...#


You could see Quickbrownfox's ghost.

Vanquished Creatures
  Erica (D:8)
  Pikel (D:4)
  Maurice (D:8)
  A gargoyle (D:8)
  Psyche (D:8)
  A komodo dragon (D:8)
  A slime creature (D:8)
  2 spriggans (D:8)
  A wyvern (D:7)
  An acid dragon (D:8)
  5 water moccasins
  Duvessa (D:6)
  A black bear (D:7)
  3 orc warriors (D:8)
  An ice beast (D:6)
  A necrophage (D:6)
  An ogre (D:7)
  A wolf (D:8)
  A centaur (D:7)
  A lemure (D:4)
  The ghost of duchin the Changer, an amateur OpTm (D:3)
  A kobold brigand (D:7)
  2 scorpions (D:5)
  Dowan (D:6)
  6 killer bees (D:8)
  16 wights
  A lava snake (D:8)
  A jelly (D:8)
  A centaur zombie (D:5)
  3 bullfrog zombies
  2 hounds
  2 orc priests
  3 bullfrog skeletons
  An iguana (D:5)
  4 orc wizards
  A hound skeleton (D:5)
  A howler monkey zombie (D:8)
  A gnoll (D:1)
  A howler monkey skeleton (D:7)
  9 adders
  A white imp (D:8)
  An ufetubus (D:4)
  A worm (D:2)
  A dart slug (D:4)
  18 orcs
  8 ball pythons
  4 bats
  4 endoplasms
  3 giant cockroaches
  5 hobgoblins
  4 jackals (D:3)
  3 quokkas (D:2)
  A frilled lizard (D:2)
  8 goblins
  A jackal skeleton (D:4)
  24 kobolds
  3 rats (D:3)
175 creatures vanquished.

Vanquished Creatures (others)
  65 plants
65 creatures vanquished.

Grand Total: 240 creatures vanquished

Notes
Turn   | Place    | Note
-------+----------+-------------------------------------------
     0 | D:1      | Condegh the Gargoyle Earth Elementalist began the quest for
                  | the Orb.
     0 | D:1      | Reached XP level 1. HP: 10/10 MP: 3/3
   481 | D:1      | Reached XP level 2. HP: 16/16 MP: 0/5
   948 | D:2      | Identified the +1 hand axe "Ysulob" {protect, Str+3 Int+4}
  1216 | D:2      | Reached XP level 3. HP: 20/20 MP: 3/6
  1220 | D:2      | Learned a level 3 spell: Stone Arrow
  1418 | D:2      | Reached skill level 1 in Fighting
  1722 | D:2      | Reached skill level 1 in Shields
  1947 | D:2      | Reached skill level 4 in Earth Magic
  2291 | D:3      | Reached skill level 1 in Maces & Flails
  2291 | D:3      | Reached XP level 4. HP: 20/25 MP: 5/7
  2740 | D:3      | Reached skill level 1 in Conjurations
  2948 | D:3      | Found a runed translucent gate.
  2948 | D:3      | Found a runed translucent gate.
  2949 | D:3      | Found a runed translucent gate.
  2949 | D:3      | Noticed duchin's ghost (amateur OpTm)
  2958 | D:3      | Killed duchin's ghost
  2959 | D:3      | Reached XP level 5. HP: 26/30 MP: 3/9
  3272 | D:4      | Noticed a lemure
  3272 | D:4      | Noticed a lemure
  3337 | D:4      | You fall into a shaft and drop 3 floors!
  3377 | D:7      | Noticed a centaur
  3397 | D:7      | Noticed a water moccasin
  3657 | D:6      | Reached XP level 6. HP: 12/35 MP: 1/10
  3965 | D:6      | Noticed a water moccasin
  3971 | D:6      | Killed a water moccasin
  3972 | D:6      | Reached skill level 5 in Earth Magic
  4067 | D:6      | Noticed a necrophage
  4072 | D:6      | Killed a necrophage
  4073 | D:6      | Reached XP level 7. HP: 40/40 MP: 5/12
  4142 | D:6      | Noticed Duvessa
  4145 | D:6      | Noticed Dowan
  4150 | D:6      | Killed Duvessa
  4162 | D:6      | Killed Dowan
  4423 | D:6      | Found a staircase to the Ecumenical Temple.
  4429 | Temple   | Entered the Ecumenical Temple
  4719 | D:5      | Entered Level 5 of the Dungeon
  4961 | D:4      | Noticed Pikel
  4967 | D:4      | Killed Pikel
  4968 | D:4      | Reached skill level 5 in Spellcasting
  4968 | D:4      | Reached skill level 5 in Conjurations
  4968 | D:4      | Reached skill level 6 in Earth Magic
  4968 | D:4      | Reached XP level 8. HP: 44/44 MP: 3/15
  5097 | D:4      | Found Fiamol's Distillery.
  5104 | D:4      | Bought a potion of degeneration for 13 gold pieces
  6518 | D:5      | Reached skill level 1 in Armour
  6598 | D:5      | Reached skill level 1 in Evocations
  6680 | D:5      | Reached XP level 9. HP: 49/49 MP: 14/17
  6959 | D:5      | Identified the +3 scale mail of Distant Shores {Dex+4}
  8619 | D:7      | Reached skill level 7 in Earth Magic
  9024 | D:8      | Noticed Erica
  9030 | D:8      | Reached XP level 10. HP: 52/56 MP: 9/19
  9094 | D:8      | Killed Erica
  9382 | D:8      | Noticed Maurice
  9420 | D:8      | Killed Maurice
  9618 | D:8      | Found a runed translucent door.
  9621 | D:8      | Noticed Quickbrownfox's ghost (novice DsIE)
  9623 | D:8      | Identified the +3 spear "Timuotoc" {vamp, rF+ rC- Int+2
                  | Stlth+}
  9716 | D:8      | Noticed a gargoyle
  9732 | D:8      | Noticed Psyche
 10034 | D:8      | Killed a gargoyle
 10035 | D:8      | Reached skill level 8 in Earth Magic
 10427 | D:8      | Killed Psyche
 10605 | D:8      | Noticed a centaur warrior
 11546 | D:8      | Frozen to death by Quickbrownfox's ghost

Illustrated notes

Levels and vault maps discovered:
D:1:      shiori_shiawase, layout_basic
D:2:      layout_loops_corners
D:3:      layout_basic, ebering_ghost_rock_garden, chequers_avenue
D:4:      layout_layer_cave, serial_shops, shop, uniq_pikel
D:5:      layout_basic
D:6:      layout_basic, minmay_temple_entry_hall, uniq_duvessa
D:7:      kennysheep_kobold_camp, layout_cave_pools, minmay_manual_mandibuliform
D:8:      layout_basic, ebering_ghost_funeral_grove, nrook_mini_backslash,
          kennysheep_island_fort, uniq_maurice, uniq_erica, uniq_psyche
Temple:   nicolae_temple_the_god_donut

Skill      XL: |  1  2  3  4  5  6  7  8  9 10 |
---------------+-------------------------------+-----
Fighting       | 1 2 4 |  4.5
Dodging        | 2 3 4 |  4.4
Shields        | 1 2 3 4 |  4.0
Earth Magic    | 4 5 6 7 8 |  8.2
Maces & Flails | 1 2 3 4 |  4.2
Conjurations   | 1 3 5 6 7 |  7.6
Spellcasting   | 3 5 6 7 |  7.3
Armour         | 1 3 4 |  4.4
Evocations     | 1 2 4 |  4.2
Axes           | |  0.2
Stealth        | |  2.1
Transmutations | |  0.7

Action                   |  1- 3 |  4- 6 |  7- 9 | 10-12 || total
-------------------------+-------+-------+-------+-------++-------
Melee: Whip              |     4 |       |       |       ||     4
       Hand axe          |    50 |    35 |   145 |    36 ||   266
 Cast: Sandblast         |    25 |    24 |    21 |    17 ||    87
       Stone Arrow       |       |     7 |    91 |    55 ||   153
  Use: Scroll            |       |       |       |     7 ||     7
       Potion            |       |       |       |     1 ||     1
 Stab: Sleeping          |     4 |       |     1 |       ||     5
Armor: Robe              |    16 |    13 |    80 |    38 ||   147
Dodge: Dodged            |    41 |    27 |    92 |    32 ||   192
Block: Buckler           |       |       |    29 |    19 ||    48
